 Dungeon Crawl Stone Soup version 0.26-a0-835-g8259106e14 (webtiles) character file.

Game seed: 17764644068031525120

15 kreisler the Twirler (level 2, -4/21 HPs)
             Began as a Human Wanderer on Nov 17, 2020.
             Slain by Jessica
             ... wielding a +0 dagger
              (7 damage)
             ... on level 2 of the Dungeon.
             The game lasted 00:08:37 (1683 turns).

kreisler the Twirler (Human Wanderer)               Turns: 1683, Time: 00:08:38

Health: -4/21      AC:  2    Str: 15    XL:     2   Next: 65%
Magic:  2/2        EV: 11    Int: 11    God:
Gold:   46         SH:  0    Dex: 10    Spells: 1/1 levels left

rFire    . . .     SeeInvis .   c - +0 quarterstaff
rCold    + . .     Faith    .   (shield currently unavailable)
rNeg     . . .     Spirit   .   d - +0 robe
rPois    .         Reflect  .   (no helmet)
rElec    .         Harm     .   (no cloak)
rCorr    .         Rampage  .   (no gloves)
MR       .....                  (no boots)
Stlth    +.........             (no amulet)
HPRegen  0.07/turn              i - ring of protection from cold
MPRegen  0.08/turn              (no ring)

@: no status effects
A: no striking features
a: no special abilities


You were on level 2 of the Dungeon.
You visited 1 branch of the dungeon, and saw 2 of its levels.

You collected 46 gold pieces.

Inventory:

Hand Weapons
 a - a +0 club
 c - a +0 quarterstaff (weapon)
 f - a +0 dagger
 k - a +0 dagger of protection
Armour
 d - a +0 robe (worn)
 e - a +0 kite shield
 j - a +0 kite shield
Jewellery
 i - a ring of protection from cold (left hand)
Scrolls
 g - 2 scrolls of identify
Potions
 b - a potion of lignification


   Skills:
 + Level 1.2 Fighting
 + Level 2.0 Axes
 + Level 0.2(2.5) Maces & Flails
 + Level 3.5 Staves
 + Level 1.0 Dodging
 + Level 1.1 Stealth
 + Level 2.1 Shields


You had one spell level left.
You didn't know any spells.
Your spell library was empty.

Dungeon Overview and Level Annotations

Branches:
Dungeon (2/15)

Altars:

Annotations:
D:2 Jessica


Message History

Jessica hits you but does no damage. x2
You closely miss Jessica.
Jessica is heavily wounded.
Jessica casts a spell.
Jessica blinks!
You barely miss Jessica.
Jessica is heavily wounded.
Jessica hits you but does no damage. Jessica completely misses you.
You hit Jessica.
Jessica is almost dead.
You feel less wooden.
Your +0 robe unmelds from your body.
Jessica closely misses you. Jessica casts a spell at you.
Pain shoots through your body!
Ouch! That really hurt!
* * * LOW HITPOINT WARNING * * *
You barely miss Jessica.
Jessica is almost dead.
Jessica hits you with a +0 dagger!
You die...

##########
#.!......# #
#........#.#####
##........#......
..)...@..(.......
#...!.@..#
#....#..<# #...
##.># ### #.###
#.# ##


You could see Jessica (fast).

Vanquished Creatures
  A ball python (D:1)
  2 goblins (D:1)
  3 hobgoblins (D:1)
  2 kobolds (D:1)
  2 bats (D:1)
  2 frilled lizards (D:1)
  3 rats (D:1)
15 creatures vanquished.

Notes
Turn   | Place    | Note
-------+----------+-------------------------------------------
     0 | D:1      | kreisler the Human Wanderer began the quest for the Orb.
     0 | D:1      | kreisler set off with the following items: a +0 club, a
                  | potion of lignification, a +0 quarterstaff, a +0 robe, a +0
                  | kite shield
     0 | D:1      | Reached XP level 1. HP: 15/15 MP: 1/1
   589 | D:1      | Reached XP level 2. HP: 21/21 MP: 2/2
  1658 | D:2      | Noticed Jessica
  1683 | D:2      | Slain by Jessica

Illustrated notes

Levels and vault maps discovered:
D:1:      psy_arrival_whirlpool, layout_basic
D:2:      layout_loops_cross, elyvilon_altar_5, uniq_jessica

Action                   || total
-------------------------++-------
Melee: Club              ||    16
       Dagger            ||    78
       Quarterstaff      ||     5
  Use: Scroll            ||     3
       Potion            ||     1
Armor: Robe              ||    13
       Skin              ||    11
Dodge: Dodged            ||    25
Block: Kite shield       ||    45

Table legend: (Time is in decaauts)
 A = Elapsed time spent in this place.
 B = Non-inter-level travel time spent in this place.
 C = Inter-level travel time spent in this place.
 D = Time resting spent in this place.
 E = Time spent auto-exploring this place.
 F = Levels seen in this place.
 G = Mean time per level.
                   A        B        C        D        E       F      G
               +--------+--------+--------+--------+--------+-----+--------+
         Total |   1694 |   1694 |      0 |      0 |   1232 |   2 |  847.0 |
       Dungeon |   1694 |   1694 |      0 |      0 |   1232 |   2 |  847.0 |
               +--------+--------+--------+--------+--------+-----+--------+

Top non-repeatable levels by time:
     D:1: 1669 daAuts
     D:2: 24 daAuts
